 Dungeon Crawl Stone Soup version 0.21.1-1-g345015fe64 (webtiles) character file.

474 Pisosu the Magician (level 6, -8/41 HPs)
             Began as a Mummy Fire Elementalist on July 31, 2018.
             Mangled by an orc warrior
             ... wielding a +0 hand axe
              (15 damage)
             ... on level 4 of the Dungeon.
             The game lasted 00:19:56 (8891 turns).

Pisosu the Magician (Mummy Fire Elementalist)       Turns: 8891, Time: 00:19:56

Health: -8/41      AC:  3    Str: 12    XL:     6   Next: 84%
Magic:  0/14       EV: 12    Int: 16    God:
Gold:   108        SH:  0    Dex: 12    Spells: 6/16 levels left

rFire    x . .     SeeInvis .   m - +1 dagger (protect)
rCold    + . .     Gourm    .   (no shield)
rNeg     + + +     Faith    .   e - +0 robe
rPois    ∞         Spirit   .   (no helmet)
rElec    .         Reflect  .   (no cloak)
rCorr    .         Harm     .   h - +0 pair of gloves
MR       .....                  (no boots)
Stlth    ++........             (no amulet)
HPRegen  0.13/turn              j - ring of flight
MPRegen  0.14/turn              (no ring)

@: about to teleport
A: no food or potions, fire vulnerability, cold resistance 1, negative energy
resistance 3, torment resistance, unbreathing
a: Evoke Flight


You were on level 4 of the Dungeon.
You were not hungry.

You visited 1 branch of the dungeon, and saw 5 of its levels.

You collected 108 gold pieces.

Inventory:

Hand Weapons
 m - a +1 dagger of protection (weapon)
Armour
 e - a +0 robe (worn)
 h - a +0 pair of gloves (worn)
Jewellery
 j - a ring of flight (left hand)
Wands
 l - a wand of digging (9)
Scrolls
 a - a scroll of enchant weapon {unknown}
 c - 4 scrolls of identify {unknown}
 f - a scroll of fear {unknown}
 g - 2 scrolls of remove curse
 i - a scroll of teleportation
Books
 b - a book of Flames

   Spells                             Type                      Level
   a - Flame Tongue                   Conjuration/Fire             1
   b - Throw Flame                    Conjuration/Fire             2
   c - Conjure Flame                  Conjuration/Fire             3
   d - Inner Flame                    Hexes/Fire                   3
   e - Sticky Flame                   Conjuration/Fire             4
   f - Fireball                       Conjuration/Fire             5


   Skills:
 - Level 0.3 Short Blades
 - Level 1.5 Dodging
 - Level 1.7 Stealth
 + Level 5.9 Spellcasting
 + Level 3.0 Conjurations
 + Level 4.2 Fire Magic


You had 6 spell levels left.
You knew the following spells:

 Your Spells              Type           Power        Failure   Level  Hunger
a - Flame Tongue          Conj/Fire      ###..        3%          1    N/A
b - Throw Flame           Conj/Fire      ###...       4%          2    N/A
c - Conjure Flame         Conj/Fire      ###.....     10%         3    N/A
d - Sticky Flame          Conj/Fire      ###.....     30%         4    N/A

Dungeon Overview and Level Annotations

Branches:
Dungeon (5/15)
 Temple: D:4-7

Altars:
Fedhas
Trog
Uskayaw
Wu Jian
Yredelemnul
The Shining One


Innate Abilities, Weirdness & Mutations

You do not eat or drink.
Your flesh is vulnerable to fire.
You are immune to poison.
Your flesh is cold resistant. (rC+)
You are immune to negative energy. (rN+++)
You are immune to unholy pain and torment.
You can survive without breathing.


Message History

The flame tongue hits the orc warrior.
The orc warrior is almost dead.
The orc warrior hits you with a hand axe.
* * * LOW HITPOINT WARNING * * *
Casting: Flame Tongue
Confirm with . or Enter, or press ? or * to list all spells.
Aiming: Flame Tongue
Press: ? - help, Shift-Dir - straight line, f/p - orc warrior
Aim: an orc warrior, wielding a hand axe and wearing a chain mail (almost dead)
The flame tongue hits the orc warrior.
The orc warrior appears unharmed.
The orc warrior is almost dead.
The orc warrior misses you.
Casting: Flame Tongue
Confirm with . or Enter, or press ? or * to list all spells.
You don't have enough magic to cast that spell.
Unknown command.
As you read the scroll of teleportation, it crumbles to dust.
You feel strangely unstable.
The orc warrior hits you with a hand axe!
You die...

####..<).##.#####.......#
##.##.##.......##.####
#####.##)##.......##.#
#..(............%.##.# ###
#.######.##.......##.###.##
##.## #######....##.##!#.##
#...###########....##.#.###.##
#...#.§.§.§####....##..##
##.## '...'...._.#A##.@####.##
##.# #...#.§.§.§####..o####.##
##.##
#...###########.........###.##
##.############.....###..#.##
#.##.##.##!.........##.#.####
#....##.##.#.......<.....!..#
####.......##............##.#
####..........#####....#.#
#%#####...## #......####


You could see an orc warrior.

Vanquished Creatures
  A phantom (D:4)
  A water moccasin skeleton (D:3)
  A hound (D:5)
  An orc priest (D:4)
  Natasha (thrice) (D:3)
  2 worker ants
  7 adders
  3 worms
  3 dart slugs
  4 leopard geckos
  2 orcs
  A ball python (D:1)
  6 giant cockroaches
  7 goblins
  5 hobgoblins
  3 jackals (D:4)
  7 kobolds
  A quokka (D:2)
  9 bats
  A frilled lizard (D:2)
  7 rats
75 creatures vanquished.

Notes
Turn   | Place    | Note
-------+----------+-------------------------------------------
     0 | D:1      | Pisosu the Mummy Fire Elementalist began the quest for the Orb.
     0 | D:1      | Reached XP level 1. HP: 13/13 MP: 4/4
    18 | D:1      | Reached skill level 3 in Spellcasting
   419 | D:1      | Reached XP level 2. HP: 19/19 MP: 1/6
  1333 | D:2      | Reached XP level 3. HP: 22/24 MP: 3/7
  1395 | D:2      | Reached skill level 1 in Conjurations
  1867 | D:2      | Found an ornate altar of the Wu Jian Council.
  2355 | D:2      | Reached XP level 4. HP: 21/30 MP: 2/9
  3125 | D:2      | Reached skill level 4 in Spellcasting
  4137 | D:3      | Learned a level 2 spell: Throw Flame
  4143 | D:3      | Reached XP level 5. HP: 14/35 MP: 3/11
  4435 | D:3      | Learned a level 3 spell: Conjure Flame
  4446 | D:3      | Found a bloodstained altar of Trog.
  4446 | D:3      | Found a hide-covered altar of Uskayaw.
  4631 | D:3      | Found a blossoming altar of Fedhas.
  5528 | D:3      | Noticed Natasha
  5534 | D:3      | Killed Natasha
  5842 | D:3      | Reached skill level 5 in Spellcasting
  6430 | D:4      | Noticed a phantom
  6585 | D:4      | Reached XP level 6. HP: 41/41 MP: 4/13
  6765 | D:4      | Noticed an orc warrior
  6810 | D:3      | Noticed Natasha
  7116 | D:3      | Killed Natasha
  7387 | D:4      | Learned a level 4 spell: Sticky Flame
  7394 | D:4      | Found a basalt altar of Yredelemnul.
  7423 | D:4      | Found a glowing golden altar of the Shining One.
  7425 | D:4      | Noticed an angel
  7435 | D:4      | Noticed a profane servitor
  7745 | D:5      | Entered Level 5 of the Dungeon
  7970 | D:3      | Noticed Natasha
  8290 | D:3      | Killed Natasha
  8891 | D:4      | Mangled by an orc warrior

Skill      XL: |  1  2  3  4  5  6 |
---------------+-------------------+-----
Spellcasting   | 3 4 5 |  5.9
Fire Magic     | 3 4 |  4.2
Conjurations   | 1 2 3 |  3.0
Short Blades   | |  0.3
Dodging        | |  1.5
Stealth        | |  1.7

Action                   |  1- 3 |  4- 6 || total
-------------------------+-------+-------++-------
Melee: Dagger            |     7 |     7 ||    14
       Unarmed           |     1 |       ||     1
 Cast: Flame Tongue      |    55 |    91 ||   146
       Throw Flame       |       |    56 ||    56
       Conjure Flame     |       |     7 ||     7
       Sticky Flame      |       |     2 ||     2
  Use: Scroll            |     1 |     3 ||     4
Armor: Robe              |    10 |    13 ||    23
Dodge: Dodged            |    23 |    29 ||    52
